Map: King's Cove LE

Players

Therg

  • Race: Protoss Protoss
  • League: Master
  • Spawn Location: 5:00

Ravenoz - Winner!

  • Race: Zerg Zerg
  • League: Diamond
  • Spawn Location: 11:00

VOD

Have the link to the VOD?

Description

Time

  • Played on: March 7, 2019, 11:28 a.m.
  • Length: 19:20
Show
View Real Time Build Order
Export as new Build Order

Therg Protoss 

Build Orders: 1 Gate Expand, Archon Immortal 

Get SALT Encoding   

  12  0:01  Probe  
  13  0:16  Pylon  
  13  0:18  Probe  
  14  0:30  Probe  
  15  0:37  Gateway  
  15  0:38  Probe  
  16  0:48  Probe  
  16  0:49  Assimilator  
  16  0:56  Probe  
  18  1:04  Probe  
  19  1:13  Probe  
  20  1:30  Nexus  
  20  1:41  Cybernetics Core  
  20  1:45  Probe  
  21  1:50  Pylon  
  21  1:55  Assimilator  
  21  1:59  Probe  
  22  2:08  Adept  
  22  2:11  Probe  
  23  2:19  Warp Gate  
  25  2:25  Probe  
  26  2:33  Adept  
  26  2:37  Probe  
  29  2:45  Forge  
  29  2:47  Probe  
  29  2:49  Pylon, Probe  
  31  2:58  Shield Battery, Sentry  
  31  3:00  Probe  
  34  3:07  Probe  
  34  3:12  Probe  
  36  3:19  Probe  
  37  3:21  Twilight Council  
  37  3:24  Probe  
  38  3:31  Probe  
  39  3:36  Probe  
  40  3:43  Probe  
  39  3:57  Probe  
  39  3:58  Probe  
  39  3:59  Protoss Ground Weapons Level 1  
  39  4:03  Gateway  
  39  4:05  Charge  
  39  4:06  Robotics Facility  
  39  4:11  Gateway  
  39  4:12  Probe  
  39  4:13  Probe  
  39  4:16  Pylon  
  41  4:17  Assimilator  
  41  4:20  Assimilator  
  41  4:23  Pylon  
  41  4:24  Probe  
  42  4:25  Adept  
  44  4:32  Probe  
  44  4:36  Probe  
  46  4:45  Probe  
  47  4:54  Gateway, Observer  
  47  4:55  Gateway  
  47  4:56  Stalker  
  47  4:57  Pylon, Gateway, Probe  
  47  4:58  Probe  
  47  4:59  Pylon  
  52  5:09  Probe  
  52  5:10  Probe  
  54  5:16  Gateway  
  54  5:18  Templar Archives  
  54  5:20  Gateway  
  54  5:23  Warp Prism  
  56  5:28  Pylon  
  56  5:34  Pylon  
  56  5:44  Pylon  
  56  5:45  Pylon  
  56  5:50  Zealot x2  
  56  5:52  Zealot  
  56  5:55  High Templar  
  56  5:56  High Templar  
  66  6:00  Archon  
  66  6:10  Adept  
  68  6:20  High Templar x2  
  68  6:21  Zealot x3  
  78  6:40  Archon  
  78  6:42  High Templar x2  
  78  6:43  Zealot x3  
  78  6:44  Zealot  
  90  6:47  Archon  
  90  7:07  Immortal  
  84  7:09  Protoss Ground Weapons Level 2  
  88  7:23  Robotics Facility  
  88  7:24  Zealot  
  88  7:25  Pylon  
  90  7:30  Nexus  
  90  7:34  Pylon  
  66  7:40  High Templar  
  66  7:41  High Templar  
  66  7:42  Zealot x5  
  66  7:43  Immortal  
  80  7:56  Shield Battery  
  80  7:58  Shield Battery x2, Archon  
  84  7:59  Zealot  
  84  8:00  Psionic Storm  
  86  8:22  Immortal  
  86  8:24  Zealot x2  
  86  8:25  Zealot x2  
  98  8:34  Zealot x4  
  105  8:45  Probe x3  
  108  8:55  Zealot  
  110  8:57  Probe x2  
  110  8:58  Immortal  
  110  9:00  High Templar  
  110  9:01  Zealot  
  110  9:02  Zealot  
  122  9:09  High Templar  
  124  9:11  Zealot x2  
  124  9:13  Assimilator  
  128  9:17  Assimilator  
  128  9:22  Pylon  
  128  9:25  Photon Cannon  
  128  9:29  Immortal  
  132  9:31  High Templar  
  132  9:35  Probe  
  135  9:42  High Templar  
  137  9:51  High Templar  
  137  9:52  Zealot x3  
  143  9:53  Zealot x2  
  149  10:02  Immortal  
  153  10:12  Zealot, High Templar  
  157  10:21  Pylon  
  157  10:23  Pylon  
  157  10:28  Pylon  
  143  10:51  Zealot x3  
  143  10:52  Zealot, High Templar x2  
  143  10:53  Zealot x2  
  130  11:08  Archon  
  93  11:19  Zealot  
  93  11:20  Zealot x4  
  93  11:21  Zealot  
  93  11:33  Archon x2  
  77  11:51  Zealot x3  
  77  11:52  High Templar  
  72  12:12  Photon Cannon, High Templar  
  56  12:16  Photon Cannon  
  56  12:18  Photon Cannon  
  56  12:21  Zealot x2  
  58  12:28  High Templar, Gateway x2  
  56  12:47  Zealot x2  
  42  13:11  Zealot  
  42  13:12  Zealot  
  46  13:18  Zealot  
  46  13:24  High Templar x2  
  50  13:29  Archon  
  46  13:44  Zealot x3  
  48  14:16  Zealot x2  
  52  14:17  High Templar x2  
  56  14:27  Cybernetics Core  
  56  14:31  Nexus  
  56  14:35  Pylon  
  56  14:38  High Templar x2  
  60  14:42  Archon  
  55  14:59  Zealot x2  
  55  15:07  Robotics Facility  
  55  15:16  Probe  
  55  15:19  High Templar  
  55  15:20  High Templar  
  60  15:22  High Templar  
  62  15:39  Probe  
  62  15:40  Robotics Facility  
  63  15:46  Probe  
  64  15:51  Probe  
  64  15:52  Observer  
  66  16:12  High Templar x2  
  66  16:18  Archon  
  70  16:20  Archon  
  66  16:34  Observer  
  58  16:45  Zealot x3  
  58  16:46  Zealot  
  67  16:57  Warp Prism  
  68  17:05  High Templar  
  68  17:07  Zealot x3  
  76  17:11  Assimilator  
  73  17:19  Probe x2  
  73  17:27  Probe  
  73  17:28  Probe  
  74  17:37  Probe x2  
  76  17:49  Probe x2  
  78  18:01  Probe x2  
  80  18:13  Probe  
  80  18:14  Probe  
  80  18:17  Nexus  
  82  18:20  Zealot x3, Robotics Facility  
  82  18:25  Probe  
  82  18:26  Probe, Assimilator  
  90  18:32  Assimilator  
  60  19:12  Zealot x4  
Show
View Real Time Build Order
Export as new Build Order

Ravenoz Zerg - Winner!

Build Orders: Hatch First, Lurkers, Roach Hydra 

Get SALT Encoding   

  12  0:01  Drone  
  13  0:13  Overlord  
  13  0:18  Drone  
  14  0:31  Drone x2  
  16  0:51  Hatchery  
  16  0:55  Drone  
  16  1:01  Drone  
  16  1:02  Drone  
  18  1:16  Extractor  
  17  1:18  Spawning Pool  
  17  1:22  Drone  
  17  1:25  Drone  
  18  1:29  Drone  
  19  1:39  Drone  
  20  1:52  Overlord  
  20  2:06  Zergling x2, Queen x2  
  20  2:07  Zergling x2  
  26  2:18  Metabolic Boost  
  26  2:20  Drone x2  
  28  2:38  Drone x2  
  30  2:51  Hatchery  
  30  2:53  Queen  
  30  2:55  Overlord  
  31  3:05  Drone x2  
  33  3:06  Drone x2  
  33  3:08  Drone  
  36  3:14  Drone  
  36  3:15  Drone x2  
  39  3:29  Spore Crawler  
  39  3:31  Spore Crawler  
  37  3:35  Zergling x6  
  36  3:50  Zergling x6  
  36  3:51  Zergling x8  
  42  4:01  Overlord, Drone  
  43  4:09  Roach Warren  
  42  4:11  Evolution Chamber  
  42  4:15  Drone x4  
  45  4:23  Drone x3  
  48  4:24  Drone  
  48  4:30  Drone x2  
  50  4:35  Drone  
  48  4:45  Zerg Missile Weapons Level 1  
  48  4:46  Drone x4  
  48  4:50  Lair  
  52  4:59  Drone x5  
  57  5:05  Extractor x2  
  55  5:08  Overlord x2  
  55  5:13  Drone x2  
  57  5:23  Overlord x2  
  57  5:30  Drone x3  
  57  5:31  Drone x5  
  57  5:33  Overlord x2  
  65  5:44  Roach x4  
  73  5:53  Roach  
  73  5:54  Roach x4  
  83  5:57  Overlord  
  83  5:59  Glial Reconstitution  
  83  6:17  Roach x9  
  101  6:31  Roach x2  
  105  6:33  Overlord x3  
  105  6:51  Roach  
  105  6:52  Roach x9  
  125  7:01  Roach x3  
  126  7:13  Roach  
  126  7:14  Roach, Spore Crawler  
  129  7:15  Overlord x2  
  129  7:16  Overlord  
  127  7:32  Roach  
  127  7:33  Roach x3  
  127  7:35  Overlord x4  
  127  7:37  Pneumatized Carapace  
  122  7:47  Hydralisk Den  
  122  7:51  Drone x7, Extractor  
  127  8:01  Spine Crawler  
  127  8:02  Drone x2  
  127  8:05  Ravager  
  129  8:06  Ravager  
  130  8:14  Overlord x3  
  130  8:15  Overlord x2  
  130  8:17  Muscular Augments  
  130  8:30  Drone x8, Extractor  
  130  8:31  Extractor  
  132  8:41  Drone x4  
  130  8:44  Zerg Missile Weapons Level 2  
  130  8:55  Hydralisk  
  130  8:56  Hydralisk x3  
  130  9:01  Hydralisk  
  130  9:02  Hydralisk  
  140  9:03  Hatchery  
  140  9:06  Roach  
  140  9:07  Roach  
  145  9:19  Lurker Den  
  145  9:20  Hydralisk  
  145  9:21  Roach  
  145  9:22  Roach  
  150  9:28  Grooved Spines  
  150  9:29  Hydralisk x2  
  150  9:30  Hydralisk  
  156  9:42  Overseer  
  156  9:43  Hydralisk  
  156  9:44  Roach  
  160  9:46  Roach, Zergling x2  
  160  9:47  Zergling x14  
  170  10:00  Hydralisk  
  170  10:01  Roach  
  170  10:02  Roach x5  
  184  10:15  Roach x5  
  184  10:16  Roach x2  
  196  10:25  Roach  
  189  10:46  Roach x6  
  197  10:59  Roach  
  197  11:00  Roach  
  185  11:09  Roach x7  
  151  11:26  Roach  
  151  11:27  Roach x3  
  149  11:34  Hydralisk x3  
  121  11:41  Roach  
  96  11:59  Roach x5  
  83  12:30  Hydralisk  
  83  12:31  Hydralisk x8  
  88  12:55  Hydralisk x6  
  88  12:57  Lurker x2  
  77  13:25  Drone x3  
  77  13:26  Drone x4  
  84  13:38  Lurker x3  
  87  13:48  Hatchery  
  64  14:15  Drone x10  
  66  14:22  Overseer  
  66  14:33  Hydralisk x2  
  70  14:43  Queen x2  
  65  15:01  Hydralisk x6  
  77  15:14  Drone x4  
  77  15:17  Spore Crawler  
  77  15:18  Queen  
  77  15:20  Extractor, Spine Crawler  
  80  15:22  Roach  
  82  15:38  Roach x3  
  86  16:03  Roach  
  94  16:04  Roach x6  
  94  16:07  Lurker  
  94  16:09  Lurker  
  94  16:29  Overseer  
  86  16:32  Roach  
  86  16:33  Roach x5  
  70  16:45  Hydralisk  
  70  16:46  Hydralisk  
  70  17:04  Hydralisk  
  70  17:05  Hydralisk x3  
  78  17:12  Roach  
  80  17:21  Roach x2  
  80  17:22  Roach  
  84  17:24  Ravager x2  
  84  17:25  Ravager  
  84  17:27  Ravager  
  84  17:29  Drone  
  89  17:47  Roach  
  89  17:48  Roach x4  
  99  18:01  Roach x2  
  99  18:02  Roach  
  105  18:19  Roach  
  113  18:20  Roach x4  
  113  18:22  Lurker  
  113  18:23  Lurker  
  113  18:25  Lurker  
  118  18:37  Roach  
  118  18:38  Roach x2  
Tags
 
Add a new tag
Caveats
  • Supply blocks, unpowered buildings, or Contaminate may cause inaccurate times.
  • Supply counts are checked every 10 seconds.